 Dungeon Crawl Stone Soup version 0.18-a0-1435-gee79d65 (webtiles) character file.

831 Ratboiler the Cudgeler (level 7, -5/53 HPs)
             Began as a Demonspawn Artificer on Feb 28, 2016.
             Killed from afar by a centaur (22 damage)
             ... with a wand of lightning
             ... on level 6 of the Dungeon.
             The game lasted 00:14:54 (5149 turns).

Ratboiler the Cudgeler (Demonspawn Artificer)       Turns: 5149, Time: 00:14:54

Health: -5/53      AC: 11    Str: 15    XL:     7   Next: 65%
Magic:  9/9        EV: 11    Int: 14    God:
Gold:   242        SH:  0    Dex: 14    Spells: 0 memorised, 6 levels left

rFire  . . .     SeeInvis .     a - +0 spear
rCold  . . .     Gourm    .     g - +0 ring mail
rNeg   . . .     Faith    .     (no shield)
rPois  .         Spirit   .     k - +0 helmet
rElec  .         Dismiss  .     l - +0 cloak
rCorr  .         Reflect  .     s - +2 pair of gloves
SustAt +         Harm     .     (no boots)
MR     .....                    (no amulet)
Stlth  +.........               t - ring of sustain attributes
                                q - +3 ring of strength

@: not resistant to hostile enchantments, very unstealthy
A: claws 2, molten scales 1, spiny 1
a: no special abilities


You were on level 6 of the Dungeon.
You were not hungry.

You visited 1 branch of the dungeon, and saw 6 of its levels.

You collected 242 gold pieces.

Inventory:

Hand Weapons
 a - a +0 spear (weapon)
 w - a +0 club
 K - a +0 dire flail
Missiles
 u - 108 stones (quivered)
 G - 19 poisoned needles
Armour
 g - a +0 ring mail (worn)
 k - a +0 helmet (worn)
 l - a +0 cloak (worn)
 s - a +2 pair of gloves (worn)
Jewellery
 q - a +3 ring of strength (left hand)
 t - a ring of sustain attributes (right hand)
Wands
 c - a wand of flame (8/48)
 d - a wand of enslavement (7/24)
 e - a wand of random effects (10/48)
 A - a wand of teleportation (1/9)
 J - a wand of teleportation (3/9)
 P - a wand of flame (20/48)
Scrolls
 h - 5 scrolls of remove curse
 m - 2 scrolls of immolation
 n - a scroll of fear {unknown}
 v - 2 scrolls of noise
 C - a scroll of amnesia {unknown}
 D - 2 scrolls of enchant weapon {unknown}
 F - 2 scrolls of fog {unknown}
 H - a scroll of blinking {unknown}
 N - a scroll of identify {unknown}
 O - a scroll of teleportation {unknown}
Potions
 b - a potion of ambrosia {unknown}
 i - 2 potions of heal wounds {unknown}
 o - a potion of degeneration {unknown}
 p - a potion of flight {unknown}
 x - a potion of cancellation {unknown}
 z - a potion of brilliance {unknown}
 E - a potion of berserk rage {unknown}
 I - a potion of resistance
 L - a potion of might
 M - a potion of agility {unknown}
Books
 r - a book of Callings

   Spells                             Type                      Level
   a - Summon Small Mammal            Summoning                    1
   b - Call Imp                       Summoning                    2
   c - Call Canine Familiar           Summoning                    3
   d - Summon Guardian Golem          Hexes/Summoning              3
   e - Summon Lightning Spire         Summoning/Air                4
   f - Summon Ice Beast               Ice/Summoning                4
Comestibles
 f - 4 bread rations
 B - a meat ration


   Skills:
 - Level 3.8 Fighting
   Level 0.8 Short Blades
 + Level 7.0 Maces & Flails
 - Level 1.7 Dodging
 - Level 0.8 Stealth
 - Level 3.0 Evocations


You had 6 spell levels left.
You didn't know any spells.

Dungeon Overview and Level Annotations

Branches:
Dungeon (6/15)
 Temple: D:4-7

Altars:
Dithmenos
Trog
Vehumet
Xom
Zin

Annotations:
D:2 1 exclusion
D:4 Sigmund


Innate Abilities, Weirdness & Mutations

You have very sharp fingernails.
You are partially covered in molten scales (AC +1).
You are partially covered in sharp spines.


Message History

The centaur is no longer charmed.
The centaur unwields an uncursed shortbow.
The centaur misses you.
Evoke which item? (* to show all) (? for menu, Esc to quit)
Zapping:
d - a wand of enslavement (8/24)
Press: ? - help, Shift-Dir - straight line, f - centaur
Aim: a centaur, carrying a wand of lightning {zapped: 1} (chance to defeat MR: 51%)
The centaur resists with significant effort.
This wand has 7 charges left.
The centaur zaps a wand.
The bolt of lightning misses you. The centaur hits you.
Evoke which item? (* to show all) (? for menu, Esc to quit)
Zapping:
A - a wand of teleportation (will waste charges)
Press: ? - help, Shift-Dir - straight line, f/p - centaur
Aim: a centaur, carrying a wand of lightning {zapped: 2} (chance to defeat MR: 62%)
The centaur looks slightly unstable.
Evoking this partially-identified wand wasted a few charges.
The centaur zaps a wand.
The bolt of lightning hits you!
You die...

..>...###.# . #####..##.#
###.# ##.##.###....#
#....#...# ####...#
##..### ###....#### #
###...##.().## ##
#...#...###@.###.# .#
#.#####.####c....#
.#####.# #...(..##...#
...#...# ######..# ....
#......# ........#
.......#########.#.##....
#................ †# .#.
..####........... .. #
...###.#..#.##### ##.


You could see a centaur.

Vanquished Creatures
  Eustachio (D:5)
  Blork the orc (D:5)
  An ogre (D:6)
  A giant frog (D:6)
  2 scorpions
  Ijyb (D:3)
  An orc wizard (D:3)
  A worker ant (D:4)
  2 gnolls (D:5)
  A worker ant zombie (D:6)
  3 adders
  An ooze (D:3)
  2 worms (D:5)
  4 dart slugs
  2 giant geckos
  6 orcs
  A ball python (D:2)
  2 giant cockroaches
  6 goblins
  11 hobgoblins
  4 jackals
  A quokka (D:5)
  8 bats
  5 giant newts
  10 kobolds
  8 rats
86 creatures vanquished.

Vanquished Creatures (collateral kills)
  A hound (D:6)
  2 orc wizards (D:5)
  A worker ant (D:5)
  An orc (D:5)
5 creatures vanquished.

Vanquished Creatures (others)
  An ogre (D:5)
  A gnoll shaman (D:5)
  A gnoll (D:5)
  2 orcs (D:3)
  A jackal (D:2)
6 creatures vanquished.

Grand Total: 97 creatures vanquished

Notes
Turn   | Place    | Note
--------------------------------------------------------------
     0 | D:1      | Ratboiler the Demonspawn Artificer began the quest for the Orb.
     0 | D:1      | Reached XP level 1. HP: 15/15 MP: 3/3
   493 | D:1      | Gained mutation: You are partially covered in molten scales (AC +1). [demonic ancestry]
   493 | D:1      | Reached XP level 2. HP: 22/22 MP: 4/4
   847 | D:1      | Reached XP level 3. HP: 26/29 MP: 5/5
  1767 | D:2      | Found a bloodstained altar of Trog.
  2240 | D:3      | Gained mutation: You are partially covered in sharp spines. [demonic ancestry]
  2240 | D:3      | Reached XP level 4. HP: 30/37 MP: 6/6
  2302 | D:3      | Reached skill level 1 in Maces & Flails
  2619 | D:3      | Noticed Ijyb
  2623 | D:3      | Killed Ijyb
  2623 | D:3      | Reached skill level 2 in Maces & Flails
  2874 | D:3      | Gained mutation: You have sharp fingernails. [demonic ancestry]
  2874 | D:3      | Reached XP level 5. HP: 39/42 MP: 7/7
  3126 | D:4      | Reached skill level 3 in Maces & Flails
  3159 | D:4      | Noticed Sigmund
  3427 | D:5      | Entered Level 5 of the Dungeon
  3612 | D:5      | Reached skill level 4 in Maces & Flails
  3612 | D:5      | Reached XP level 6. HP: 28/48 MP: 8/8
  3863 | D:5      | Found a glowing silver altar of Zin.
  3863 | D:5      | Found a shimmering altar of Xom.
  3864 | D:5      | Noticed an angel
  4085 | D:5      | Noticed Eustachio
  4101 | D:5      | Killed Eustachio
  4101 | D:5      | Reached skill level 5 in Maces & Flails
  4101 | D:5      | Gained mutation: You have very sharp fingernails. [demonic ancestry]
  4101 | D:5      | Reached XP level 7. HP: 49/53 MP: 9/9
  4280 | D:5      | Noticed Blork the orc
  4359 | D:5      | Killed Blork the orc
  4359 | D:5      | Reached skill level 6 in Maces & Flails
  4942 | D:6      | Found a shadowy altar of Dithmenos.
  5005 | D:6      | Found a radiant altar of Vehumet.
  5121 | D:6      | Reached skill level 7 in Maces & Flails
  5149 | D:6      | Killed from afar by a centaur

Vault maps used:
D:1:      minmay_arrival_nine_rooms, minmay_misc_feat_ornament,
          minmay_misc_feat_five
D:2:      first_bread, serial_co_window_serial, co_window_corner_a,
          co_window_corner_a, co_window_corner_a, co_window_corner_a,
          co_window_paths_a, co_window_corner_b, co_window_paths_c,
          co_window_of_opportunity_c, co_window_unsneaky_path_b,
          co_window_broadway_a, glass_columns_a, glass_columns_a,
          glass_columns_c, glass_columns_a, trog_hazing_becter
D:3:      uniq_iyjb
D:4:      led_sif_book, uniq_sigmund
D:5:      grunt_temple_overflow_order_and_chaos_1, uniq_blork_the_orc,
          uniq_eustachio
D:6:      kennysheep_little_box, vehumet_altar_wand_db

Skill      XL: |  1  2  3  4  5  6  7 |
---------------+----------------------+-----
Fighting       | 2 3 |  3.8
Maces & Flails | 2 4 5 7 |  7.0
Short Blades   | |  0.8
Dodging        | |  1.7
Stealth        | |  0.8
Evocations     | |  3.0

Action                   |  1- 3 |  4- 6 |  7- 9 || total
-------------------------+-------+-------+-------++-------
Melee: Short sword       |    58 |       |       ||    58
       Spear             |   122 |   122 |    44 ||   288
       Club              |    49 |       |       ||    49
Evoke: Wand              |     9 |    14 |    14 ||    37
  Use: Scroll            |     2 |     1 |     2 ||     5
       Potion            |       |       |     1 ||     1
  Eat: Chunk             |     3 |     1 |     1 ||     5
       Meat ration       |     1 |       |     1 ||     2
       Beef jerky        |       |     1 |       ||     1
